 Dungeon Crawl Stone Soup version 0.24-a0-139-geb6712d (webtiles) character file.

Game seed: 8014377661214511713

36 Lanoc the Slasher (level 3, 0/20 HPs)
             Began as a Vine Stalker Berserker on Mar 3, 2019.
             Was a Follower of Trog.
             Succumbed to a goblin's poison
             ... on level 2 of the Dungeon.
             The game lasted 00:01:44 (523 turns).

Lanoc the Slasher (Vine Stalker Berserker)           Turns: 523, Time: 00:01:45

Health: 0/20       AC:  2    Str: 19    XL:     3   Next: 37%
Magic:  4/4        EV: 18    Int:  7    God:    Trog [*.....]
Gold:   21         SH:  0    Dex: 19    Spells: 2/2 levels left

rFire    . . .     SeeInvis .   a - +0 falchion
rCold    . . .     Gourm    .   (no shield)
rNeg     . . .     Faith    .   b - +0 animal skin
rPois    .         Spirit   +   (no helmet)
rElec    .         Reflect  .   (no cloak)
rCorr    .         Harm     .   (no gloves)
MR       .....                  (no boots)
Stlth    +++.......             (no amulet)
HPRegen  0.06/turn              (no ring)
MPRegen  0.09/turn              (no ring)

@: agile, lethally poisoned (0 -> -2), berserk cooldown, slowed, very slow
A: fangs 2, magic shield, antimagic bite, no potion heal 3, rot immunity
a: Berserk, Renounce Religion


You were on level 2 of the Dungeon.
You worshipped Trog.
Trog was aware of your devotion.
You were hungry.

You visited 1 branch of the dungeon, and saw 2 of its levels.

You collected 21 gold pieces.

Inventory:

Hand Weapons
 a - a +0 falchion (weapon)
Missiles
 e - 19 bolts
Armour
 b - a +0 animal skin (worn)
Scrolls
 g - a scroll of fog {unknown}
Comestibles
 c - 3 rations
 f - 2 chunks of flesh


   Skills:
 + Level 3.0 Fighting
 * Level 3.2 Long Blades
 + Level 1.9 Armour
 + Level 1.9 Dodging


You had 2 spell levels left.
You didn't know any spells.
Your spell library was empty.

Dungeon Overview and Level Annotations

Branches:
Dungeon (2/15)

Altars:

Annotations:
D:2 Robin


Innate Abilities, Weirdness & Mutations

You have extremely sharp teeth.
When hurt, damage is shared between your health and your magic reserves.
Your bite disrupts and absorbs the magic of your enemies.
Potions cannot restore your health.
You are immune to rotting.


Message History

You feel a strong urge to attack something.
You feel sick.
You feel your anger nearly subside.
You are no longer berserk.
You are exhausted.
You feel yourself slow down.
Unknown command.
* * * LOW HITPOINT WARNING * * *
You feel sick.
* * * LOW HITPOINT WARNING * * *
You feel sick.
* * * LOW HITPOINT WARNING * * *
You feel sick.
* * * LOW HITPOINT WARNING * * *
You feel sick.
* * * LOW HITPOINT WARNING * * *
You feel sick.
* * * LOW HITPOINT WARNING * * *
You feel sick.
You are feeling hungry.
You die...

#.# #.####.# #.#.#
#.# #.# #.# #.#.#
#.# #.# #.# #.#.#
#)###.####.# #.#.#
#..........# #...
#####.###### #..#
#..# #..# ##.#
#@.# #.#
#..#########.####
#...............#
##.#########.##.##
#.# #.....# #..
####.(# #### #..#
#..# #..#


There were no monsters in sight!

Vanquished Creatures
  2 adders (D:2)
  A leopard gecko (D:2)
  2 giant cockroaches (D:1)
  6 goblins
  A hobgoblin (D:1)
  2 kobolds
  A rat (D:1)
15 creatures vanquished.

Notes
Turn   | Place    | Note
-------+----------+-------------------------------------------
     0 | D:1      | Lanoc the Vine Stalker Berserker began the quest for the
                  | Orb.
     0 | D:1      | Reached XP level 1. HP: 11/11 MP: 2/2
   207 | D:1      | Reached XP level 2. HP: 16/16 MP: 3/3
   443 | D:2      | Reached XP level 3. HP: 19/19 MP: 4/4
   473 | D:2      | Noticed Robin
   518 | D:2      | HP: 1/20 [poisoned by a goblin]
   523 | D:2      | Succumbed to a goblin's poison

Levels and vault maps discovered:
D:1:      evilmike_arrival_crescent, layout_rooms, minmay_lizard_king
D:2:      layout_loops_ring, minitemple, uniq_robin, uniq_terence

Skill      XL: |  1  2  3 |
---------------+----------+-----
Long Blades    | 3 |  3.2
Fighting       | 3 |  3.0
Armour         | |  1.9
Dodging        | |  1.9

Action                   || total
-------------------------++-------
Melee: Falchion          ||    33
       Bite              ||    11
Invok: Berserk           ||     3
  Use: Potion            ||     1
  Eat: Chunk             ||     1
Armor: Animal skin       ||     7
Dodge: Dodged            ||    12
       Rpst.: Falchion   ||     6

Table legend:
 A = Non-vault XP
 B = Vault XP
 C = Vault XP percentage of total XP
 D = Non-vault monster count
 E = Vault monster count
 F = Vault count percentage of total count
                 A         B        C        D         E       F
            +---------+---------+-------+---------+---------+-------
      Total |      50 |       2 |   3.8 |      14 |       1 |   6.7
            +---------+---------+-------+---------+---------+-------
        D:1 |      16 |       0 |   0.0 |       9 |       0 |   0.0
        D:2 |      34 |       2 |   5.6 |       5 |       1 |  16.7
            +---------+---------+-------+---------+---------+-------
